 Dungeon Crawl Stone Soup version 0.32-a0-834-geaf45d8e21 (webtiles) character file.

Game seed: 16470102547796681105

156 BigDaddyOpFi the Shield-Bearer (level 5, -2/42 HPs)
             Began as a Formicid Fighter on Mar 25, 2024.
             Was an Initiate of Okawaru.
             Slain by a gnoll
             ... wielding a +0 spear
             ... led by a gnoll bouda
              (4 damage)
             ... on level 4 of the Dungeon.
             The game lasted 00:05:00 (2035 turns).

BigDaddyOpFi the Shield-Bearer (Formicid Fighter)   Turns: 2035, Time: 00:05:00

Health: -2/42      AC: 13    Str: 23    XL:     5   Next: 64%
Magic:  5/5        EV:  7    Int:  7    God:    Okawaru [......]
Gold:   202        SH:  5    Dex: 13    Spells: 4/4 levels left

rFire   . . .        a - +0 war axe
rCold   . . .        c - +0 buckler
rNeg    . . .        u - +1 chain mail
rPois   .            (helmet unavailable)
rElec   .            (no cloak)
rCorr   .            n - +1 Delatra's gloves {ID++}
SInv    +            k - +0 pair of boots
Will    .....        (no amulet) Stlth
                     (no ring)
HPRegen 0.27/turn    (no ring)
MPRegen 0.09/turn

%: no passive effects
@: no status effects
A: permanent stasis, dig shafts and tunnels, antennae 3, four strong arms
a: Dig, Shaft Self, Renounce Religion


You were on level 4 of the Dungeon.
You worshipped Okawaru.
Okawaru was noncommittal.
You visited 1 branch of the dungeon, and saw 4 of its levels.

You collected 202 gold pieces.

Inventory:

Hand Weapons
 a - a +0 war axe (weapon)
 i - a +1 orcbow of freezing
Armour
 b - a +0 scale mail
 c - a +0 buckler (worn)
 k - a +0 pair of boots (worn)
 m - a +0 pair of gloves
 n - the +1 Delatra's gloves (worn) {ID++}
   (You found it on level 2 of the Dungeon)

   ID++:      It heals its wearer when they drink unknown potions, and restores
   their MP when they read unknown scrolls.
 u - a +1 chain mail (worn)
Scrolls
 o - 2 scrolls of enchant armour
 q - 2 scrolls of enchant weapon {unknown}
 s - a scroll of identify
 t - a scroll of immolation {unknown}
Potions
 d - a potion of might
 e - a potion of enlightenment {unknown}
 f - 2 potions of degeneration
 g - 2 potions of haste {unknown}
 h - a potion of attraction {unknown}
 j - 2 potions of brilliance {unknown}
 l - a potion of invisibility {unknown}
 r - a potion of heal wounds {unknown}


   Skills:
 + Level 4.2 Fighting
 + Level 3.2 Axes
 + Level 4.2 Armour
 + Level 5.2 Shields


You had 4 spell levels left.
You didn't know any spells.
Your spell library contained the following spells:

 Spells                   Type           Power      Damage    Failure   Level
 Apportation              Tloc           0%         N/A       97%         1
 Foxfire                  Conj/Fire      0%         2x1d4     97%         1
 Necrotise                Necr           0%         1d4       97%         1
 Sting                    Conj/Alch      0%         1d3       97%         1
 Cigotuvi's Dreadful Rot  Necr/Alch/Air  0%         N/A       99%         2
 Hailstorm                Conj/Ice       0%         3d5       100%        3
 Brom's Barrelling Bould  Conj/Erth      0%         2d3       100%        4
 Ignite Poison            Fire/Alch      0%         N/A       100%        4
 Fireball                 Conj/Fire      0%         3d3       100%        5
 Freezing Cloud           Conj/Ice/Air   0%         6-21      100%        5
 Iskenderun's Battlesphe  Conj           0%         2d6       100%        5
 Conjure Ball Lightning   Conj/Air       0%         3x3d6     100%        6
 Permafrost Eruption      Ice/Erth       0%         2x4d2     100%        6
 Plasma Beam              Fire/Air       0%         2x1d10    100%        6
 Starburst                Conj/Fire      0%         6d3       100%        6
 Orb of Destruction       Conj           0%         9d5       100%        7
 Summon Small Mammal      Summ           Unusable   N/A       N/A         1
 Summon Ice Beast         Ice/Summ       Unusable   N/A       N/A         3
 Sculpt Simulacrum        Ice/Alch       Unusable   N/A       N/A         6

Dungeon Overview and Level Annotations

Branches:
Dungeon (4/15)             Temple (0/1) D:4

Altars:
Dithmenos
Okawaru

Shops:
D:2 *


Innate Abilities, Weirdness & Mutations

You cannot be hasted, slowed, berserked, paralysed or teleported.
You can dig through walls and to a lower floor.
You have a pair of large antennae on your head. (SInv)
Your four strong arms can wield two-handed weapons with a shield.


Message History

You hit the gnoll but do no damage.
The gnoll is heavily wounded.
You hit the gnoll bouda.
The gnoll hits you from afar with a +0 spear.
The gnoll barely misses you.
The gnoll bouda hits you but does no damage.
The gnoll hits you but does no damage. x3
The gnoll hits you but does no damage.
The gnoll hits you from afar with a +0 spear.
The gnoll bouda attacks as it pursues you!
You block the gnoll bouda's attack. The gnoll closely misses you.
The gnoll hits you with a +2 heavy flail.
You block the gnoll's attack.
You slash the gnoll!
The gnoll is severely wounded.
You barely miss the gnoll. x2
You hit the gnoll bouda but do no damage.
The gnoll is no longer moving quickly.
The gnoll bouda hits you with a +0 whip!
The gnoll hits you but does no damage. The gnoll hits you with a +0 spear.
* * * LOW HITPOINT WARNING * * *
You block the gnoll's attack.
The gnoll bouda hits you with a +0 whip.
* * * LOW HITPOINT WARNING * * *
Okay, then.
As you read the scroll labelled MUX NAOLEPSO, it crumbles to dust.
It is a scroll of enchant armour.
Your +0 chain mail glows green for a moment.
The energy of discovery flows from your fingertips!
Magic courses through your body. The gnoll hits you with a +0 spear.
* * * LOW HITPOINT WARNING * * *
The gnoll hits you but does no damage. The gnoll bouda closely misses you.
As you read the scroll labelled RIROHU PAIBB, it crumbles to dust.
You feel aware of your surroundings.
You sensed 1 altar, and 1 shop/portal.
It was a scroll of revelation.
The energy of discovery flows from your fingertips!
Magic courses through your body.
Your attacks no longer feel as feeble.
The gnoll is no longer moving quickly.
The gnoll hits you with a +0 spear.
You die...

*,**********,,,,,* *********,,,
*,*,,,,,,.####.######### *,,,
*,*,*****.#..#.#########******,,,
,,,,,,*,*.#..#.######...,,,,,,,,,
*,,,,,,,*.#..#.######...,,,,,,*,,
*,*,*,,,,........####....,,,,,*,,
*,*,*,,*,#.#.#.#g<###....,,,,,*,,
*,*,*,,,,......ggg.......,,,,,*,*
,,*,*,,*,......#@####..$.,,,,,*,*
***,*,,,,.......g####....,,,,,*,*
*,*,,*,..>...#.####...,,,,,,,,*
*,*,,,,........####...,,,,,,***
***,*,,*,......#..###...,,,,,,*
,,,,*,,,,...............,,,,,,*
,,,,,,,*,#.#.#.#........,,,,,,*
,,,,,,,,,...............,,,,,,*
,,,,,,,,,,,,,,*,***************


You could see a gnoll bouda and 4 gnolls.

Vanquished Creatures
  An orc wizard (D:3)
  3 gnolls (D:3)
  3 adders
  A dart slug (D:1)
  9 orcs (D:3)
  6 endoplasms
  2 giant cockroaches (D:1)
  6 hobgoblins
  2 quokkas (D:3)
  9 ball pythons
  6 bats
  3 frilled lizards
  2 goblins (D:3)
  4 kobolds
  7 rats
64 creatures vanquished.

Notes
Turn   | Place    | Note
-------+----------+-------------------------------------------
     0 | D:1      | BigDaddyOpFi the Formicid Fighter began the quest for the
                  | Orb.
     0 | D:1      | Reached XP level 1. HP: 18/18 MP: 1/1
    54 | D:1      | Reached XP level 2. HP: 16/24 MP: 2/2
   434 | D:1      | Reached XP level 3. HP: 27/29 MP: 3/3
   815 | D:2      | Found an iron altar of Okawaru.
   826 | D:2      | Found the +1 Delatra's gloves {ID++}
  1151 | D:2      | Found Ahaim's Assorted Antiques.
  1234 | D:3      | Reached XP level 4. HP: 37/37 MP: 4/4
  1331 | D:3      | Reached skill level 5 in Shields
  1331 | D:3      | Reached XP level 5. HP: 29/42 MP: 5/5
  1717 | D:3      | Found a shadowy altar of Dithmenos.
  1723 | D:3      | Found an iron altar of Okawaru.
  1923 | D:3      | Found a faded altar of an unknown god.
  1991 | D:2      | Became a worshipper of Warmaster Okawaru
  2022 | D:4      | Found a staircase to the Ecumenical Temple.
  2034 | D:4      | HP: 1/42 [gnoll/+0 spear[a gnoll bouda] (3)]
  2035 | D:4      | Slain by a gnoll

Illustrated notes

Levels and vault maps discovered:
D:1:      dpeg_arrival_simpleton_b, layout_rooms, minmay_splitting_lines
D:2:      layout_basic, basic_altar, serial_shops, nicolae_square_shop,
          serial_bayou_pond_d
D:3:      layout_rooms, jmf_multi_god_temple2,
          dilly_ecumenical_altar_fadedgnrine, nicolae_the_louvre
D:4:      layout_basic, grunt_qazlal_clouds, minmay_temple_entry_glass,
          serial_shops, nicolae_shop_tiny_glass, uniq_eustachio

Skill      XL: |  1  2  3  4 |
---------------+-------------+-----
Fighting       | 4 |  4.2
Armour         | 4 |  4.2
Axes           | 3 |  3.2
Shields        | 5 |  5.2

Action                     |  1- 3 |  4- 6 || total
---------------------------+-------+-------++-------
  Melee: War axe           |    83 |    63 ||   146
   Fire: Orcbow            |     6 |       ||     6
Ability: Dig               |       |     1 ||     1
    Use: Scroll            |     2 |     2 ||     4
 Armour: Scale mail        |   101 |    64 ||   165
         Chain mail        |       |    29 ||    29
  Dodge: Dodged            |    33 |    50 ||    83
  Block: Buckler           |    31 |    25 ||    56

Table legend: (Time is in decaauts)
 A = Elapsed time spent in this place.
 B = Non-inter-level travel time spent in this place.
 C = Inter-level travel time spent in this place.
 D = Time resting spent in this place.
 E = Time spent auto-exploring this place.
 F = Levels seen in this place.
 G = Mean time per level.
                   A        B        C        D        E       F      G
               +--------+--------+--------+--------+--------+-----+--------+
         Total |   2097 |   1896 |    201 |      0 |   1416 |   4 |  524.2 |
       Dungeon |   2097 |   1896 |    201 |      0 |   1416 |   4 |  524.2 |
               +--------+--------+--------+--------+--------+-----+--------+

Top non-repeatable levels by time:
     D:3: 764 daAuts
     D:2: 675 daAuts
     D:1: 642 daAuts
     D:4: 14 daAuts
